 Dungeon Crawl Stone Soup version 0.18.1-48-g4cf74bf (webtiles) character file.

478 dearth the Chopper (level 7, -7/61 HPs)
             Began as a Hill Orc Fighter on Aug 5, 2016.
             Mangled by dearth's ghost (10 damage)
             ... on level 5 of the Dungeon.
             The game lasted 00:09:48 (3866 turns).

dearth the Chopper (Hill Orc Fighter)               Turns: 3866, Time: 00:09:49

Health: -7/61      AC:  7    Str: 26    XL:     7   Next: 11%
Magic:  7/7        EV:  8    Int:  8    God:
Gold:   186        SH: 10    Dex: 10    Spells: 0 memorised, 6 levels left

rFire  . . .     SeeInvis .     a - +0 war axe
rCold  . . .     Gourm    .     b - +0 scale mail
rNeg   . . .     Faith    .     c - +0 shield
rPois  .         Spirit   .     (no helmet)
rElec  .         Dismiss  .     (no cloak)
rCorr  .         Reflect  .     (no gloves)
SustAt .         Harm     .     (no boots)
MR     .....                    y - amulet of regeneration
Stlth  ..........               (no ring)
                                (no ring)

@: mighty, not resistant to hostile enchantments, extremely unstealthy
A: no striking features
a: no special abilities


You were on level 5 of the Dungeon.
You were not hungry.

You visited 1 branch of the dungeon, and saw 5 of its levels.

You collected 186 gold pieces.

Inventory:

Hand Weapons
 a - a +0 war axe (weapon)
Armour
 b - a +0 scale mail (worn)
 c - a +0 shield (worn)
Jewellery
 y - an amulet of regeneration (around neck)
Wands
 m - a wand of flame (17/48)
Scrolls
 i - 7 scrolls of identify {unknown}
 j - 3 scrolls of teleportation {unknown}
 l - a scroll of fear {unknown}
 p - 3 scrolls of noise {unknown}
 q - a scroll of immolation {unknown}
 s - a scroll of amnesia {unknown}
 w - 2 scrolls of recharging {unknown}
 x - a scroll of random uselessness {unknown}
Potions
 e - 2 potions of haste {unknown}
 h - a potion of ambrosia {unknown}
 k - 3 potions of curing {unknown}
 n - 4 potions of agility {unknown}
 r - a potion of resistance {unknown}
 t - a potion of degeneration {unknown}
 u - a potion of brilliance {unknown}
 v - 2 potions of heal wounds {unknown}
Comestibles
 f - 3 bread rations
 g - a beef jerky
 o - 2 meat rations


   Skills:
 + Level 5.1 Fighting
 * Level 5.8 Axes
 + Level 4.7 Armour
 - Level 1.3 Dodging
 + Level 5.0 Shields


You had 6 spell levels left.
You didn't know any spells.

Dungeon Overview and Level Annotations

Branches:
Dungeon (5/15)
 Temple: D:4-7

Altars:
Ashenzari
Cheibriados
Fedhas

Annotations:
D:5 dearth's ghost, novice HOFi


Message History

The orc wizard points at you and mumbles some strange words.
The magic dart hits you!
* * * LOW HITPOINT WARNING * * *
You slash dearth's ghost!
Dearth's ghost is severely damaged.
You block dearth's ghost's attack.
The orc wizard points at you and mumbles some strange words.
You resist with some effort.
A howler monkey comes into view.
You slash dearth's ghost!
Dearth's ghost is almost destroyed.
Dearth's ghost barely misses you.
Unknown command.
You closely miss dearth's ghost.
Dearth's ghost is almost destroyed.
You barely miss the orc wizard.
The orc wizard is heavily wounded.
You closely miss the howler monkey. You block the orc wizard's attack.
Dearth's ghost hits you!
You die...

.. ..# ... #..#
.... #..#
#####.... ##..#
#......?. ..[.#
#......# #.#.##
##)h....#
##.#..###.@..#
#..#...##oW).#
##....†.....###
#...##.>.<#.#
###...###.#....#
#....## #.###..#
###.#.## #.#
#...# #.÷...#
#.. ..#.#
#...### ##. ##.#


You could see a howler monkey, an orc wizard and dearth's ghost.

Vanquished Creatures
  A howler monkey (D:5)
  A crimson imp (D:4)
  A hound (D:4)
  3 orc priests
  An orc wizard (D:3)
  Ijyb (D:3)
  Terence (D:3)
  A worker ant zombie (D:5)
  4 adders
  3 gnolls
  A shadow imp (D:4)
  An ooze (D:2)
  An adder skeleton (D:4)
  3 worms (D:2)
  4 dart slugs
  A giant gecko (D:1)
  12 orcs
  3 ball pythons
  10 bats
  6 giant cockroaches
  4 hobgoblins
  2 jackals (D:3)
  7 kobolds
  5 quokkas
  5 giant newts
  10 goblins
  A quokka skeleton (D:4)
  8 rats
101 creatures vanquished.

Notes
Turn   | Place    | Note
--------------------------------------------------------------
     0 | D:1      | dearth the Hill Orc Fighter began the quest for the Orb.
     0 | D:1      | Reached XP level 1. HP: 19/19 MP: 1/1
   126 | D:1      | Reached XP level 2. HP: 25/27 MP: 2/2
   426 | D:1      | Reached XP level 3. HP: 28/33 MP: 3/3
  1526 | D:2      | Reached XP level 4. HP: 24/40 MP: 4/4
  1933 | D:2      | Found a shattered altar of Ashenzari.
  2069 | D:3      | Found a blossoming altar of Fedhas.
  2120 | D:3      | Reached skill level 1 in Dodging
  2120 | D:3      | Reached XP level 5. HP: 39/47 MP: 5/5
  2321 | D:3      | Noticed Terence
  2323 | D:3      | Noticed Ijyb
  2329 | D:3      | Killed Terence
  2348 | D:3      | Killed Ijyb
  2348 | D:3      | Reached XP level 6. HP: 49/53 MP: 6/6
  2990 | D:4      | Found a snail-covered altar of Cheibriados.
  3042 | D:4      | Reached skill level 5 in Axes
  3654 | D:4      | Reached skill level 5 in Fighting
  3711 | D:5      | Entered Level 5 of the Dungeon
  3849 | D:5      | Noticed dearth's ghost (novice HOFi)
  3856 | D:5      | Reached skill level 5 in Shields
  3856 | D:5      | Reached XP level 7. HP: 31/61 MP: 7/7
  3863 | D:5      | HP: 3/61 [orc wizard/magic dart (7)]
  3866 | D:5      | Mangled by dearth's ghost

Skill      XL: |  1  2  3  4  5  6 |
---------------+-------------------+-----
Axes           | 3 4 5 |  5.8
Fighting       | 4 5 |  5.1
Armour         | 4 |  4.7
Dodging        | 1 |  1.3
Shields        | 4 5 |  5.0

Action                   |  1- 3 |  4- 6 |  7- 9 || total
-------------------------+-------+-------+-------++-------
Melee: War axe           |   120 |   279 |    10 ||   409
  Use: Potion            |       |     1 |       ||     1
  Eat: Chunk             |     1 |     5 |       ||     6
       Fruit             |       |     2 |       ||     2
       Beef jerky        |       |     2 |       ||     2
Armor: Scale mail        |    50 |   124 |     5 ||   179
Dodge: Dodged            |    43 |    90 |     8 ||   141
Block: Shield            |    70 |   145 |    12 ||   227
